 Dungeon Crawl Stone Soup version 0.28.0-53-g5a82cb258f (webtiles) character file.

Game seed: 13701102322694300203

116 SanguineChosen the Shield-Bearer (level 5, -1/33 HPs)
             Began as a Gargoyle Fighter on July 15, 2022.
             Slain by Crazy Yiuf
             ... wielding a +2 quarterstaff of chaos
              (4 damage)
             ... on level 3 of the Dungeon on July 16, 2022.
             The game lasted 00:08:20 (3041 turns).

SanguineChosen the Shield-Bearer (Gargoyle Fighter) Turns: 3041, Time: 00:08:21

Health: -1/33      AC: 12    Str: 21    XL:     5   Next: 1%
Magic:  5/5        EV:  9    Int:  9    God:
Gold:   72         SH:  4    Dex:  9    Spells: 4/4 levels left

rFire   . . .      SeeInvis .   a - +0 flail
rCold   . . .      Faith    .   c - +0 buckler
rNeg    + . .      Spirit   .   b - +0 scale mail
rPois   ∞          Reflect  .   (no helmet)
rElec   +          Harm     .   (no cloak)
rCorr   .          Rampage  .   (no gloves)
Will    .....                   i - +0 pair of boots
Stlth   ..........              (no amulet)
HPRegen 0.11/turn               (no ring)
MPRegen 0.09/turn               (no ring)

@: hasted, very quick
A: sickness immunity, AC +4, negative energy resistance 1, electricity
resistance, torment resistance 1, petrification resistance
a: no special abilities


You were on level 3 of the Dungeon.
You visited 1 branch of the dungeon, and saw 3 of its levels.

You collected 182 gold pieces.
You spent 110 gold pieces at shops.

Inventory:

Hand Weapons
 a - a +0 flail (weapon)
Armour
 b - a +0 scale mail (worn)
 c - a +0 buckler (worn)
 i - a +0 pair of boots (worn)
Scrolls
 e - a scroll of vulnerability {unknown}
 g - a scroll of brand weapon {unknown}
 h - a scroll of enchant weapon {unknown}
 n - a scroll of identify {unknown}
Potions
 d - a potion of might
 f - a potion of flight {unknown}
 l - 3 potions of heal wounds
 m - a potion of berserk rage {unknown}


   Skills:
 + Level 3.8 Fighting
 + Level 3.4 Maces & Flails
 + Level 4.0 Armour
 + Level 4.1 Shields


You had 4 spell levels left.
You didn't know any spells.
Your spell library contained the following spells:

 Spells                   Type           Power      Damage    Failure   Level
 Sandblast                Erth           0%         2d4       80%         1
 Passwall                 Tmut/Erth      0%         N/A       91%         2
 Stone Arrow              Conj/Erth      0%         3d7       99%         3


Dungeon Overview and Level Annotations

Branches:
Dungeon (3/15)

Altars:
Makhleb
Trog

Shops:
D:1 !

Annotations:
D:3 Crazy Yiuf


Innate Abilities, Weirdness & Mutations

You are immune to sickness and miasma.
Your stone body is resilient. (AC +4)
You are immune to poison.
You resist negative energy. (rN+)
You are resistant to electric shocks. (rElec)
You are resistant to unholy torment.
You are immune to petrification.


Message History

Crazy Yiuf screams, "Cards!
Mountain hog King."
Crazy Yiuf hits you with a +2 quarterstaff of chaos!
You feel yourself speed up.
You sock Crazy Yiuf!
Crazy Yiuf is heavily wounded.
Crazy Yiuf barely misses you.
You barely miss Crazy Yiuf.
Crazy Yiuf is heavily wounded.
Crazy Yiuf grits, "Flower seventy sing-song!"
Crazy Yiuf hits you with a +2 quarterstaff of chaos.
You hit Crazy Yiuf but do no damage.
Crazy Yiuf is heavily wounded.
You block Crazy Yiuf's attack.
You hit Crazy Yiuf but do no damage.
Crazy Yiuf is heavily wounded.
Crazy Yiuf hits you but does no damage.
You feel as though your hastened speed will last longer.
You hit Crazy Yiuf.
Crazy Yiuf is severely wounded.
Crazy Yiuf hits you with a +2 quarterstaff of chaos.
Space warps around you.
You barely miss Crazy Yiuf.
Crazy Yiuf is severely wounded.
You hit Crazy Yiuf but do no damage.
Crazy Yiuf is severely wounded.
Crazy Yiuf hits you with a +2 quarterstaff of chaos!
* * * LOW HITPOINT WARNING * * *
Crazy Yiuf burns you.
* * * LOW HITPOINT WARNING * * *
You feel better.
Crazy Yiuf hits you with a +2 quarterstaff of chaos.
You barely miss Crazy Yiuf.
Crazy Yiuf is severely wounded.
You block Crazy Yiuf's attack.
You hit Crazy Yiuf but do no damage.
Crazy Yiuf is severely wounded.
Crazy Yiuf hits you with a +2 quarterstaff of chaos!
* * * LOW HITPOINT WARNING * * *
Crazy Yiuf burns you.
You die...

.##.#.####.####....###...........
.#...#.##..# #....# #..≈≈≈≈≈....
.#.#...#...# ♣....♣ #.#≈###≈....
.#..#.##...# ♣♣...♣ #.#≈≈≈≈≈....
.##..###..## ♣♣.♣♣ #.#≈≈#≈≈....
.#.#..##..# ♣♣.♣ #.#≈≈#≈≈....
.#..#..##.# ♣.♣♣ #..≈≈#≈≈#...
.#...#.##.## ♣♣.♣ #.#≈≈≈≈≈....
.###..##...# ♣@♣♣ #..≈###≈....
..##_##....# #g# #.#≈≈≈≈≈#...
...###.....# .(. #...........
...........# #...# #...........
...........# #)(.# #.......>...
#'#.#......# ##### #...........
..#.#...#..# #...........
..#.#......###########..#...#....
....#............................


You could see Crazy Yiuf.

Vanquished Creatures
  4 gnolls (D:2)
  4 adders
  A worm (D:2)
  An orc (D:3)
  7 ball pythons
  3 endoplasms
  4 hobgoblins
  5 kobolds
  A quokka (D:1)
  4 bats
  6 frilled lizards
  A goblin (D:1)
  5 rats
46 creatures vanquished.

Notes
Turn   | Place    | Note
-------+----------+-------------------------------------------
     0 | D:1      | SanguineChosen the Gargoyle Fighter began the quest for the
                  | Orb.
     0 | D:1      | Reached XP level 1. HP: 14/14 MP: 1/1
   170 | D:1      | Reached XP level 2. HP: 19/19 MP: 2/2
   393 | D:1      | Found a faded altar of an unknown god.
   534 | D:1      | Found Kosotueg's Distillery.
   550 | D:1      | Bought 2 potions of curing for 60 gold pieces
   599 | D:1      | Bought a potion of heal wounds for 50 gold pieces
  1001 | D:2      | Reached XP level 3. HP: 16/23 MP: 3/3
  1381 | D:2      | Reached XP level 4. HP: 21/29 MP: 4/4
  1428 | D:2      | HP: 1/29 [gnoll/+0 spear (4)]
  2468 | D:3      | Found a burning altar of Makhleb.
  2604 | D:3      | Found a bloodstained altar of Trog.
  2723 | D:3      | Reached XP level 5. HP: 33/33 MP: 5/5
  2834 | D:3      | Found a runed translucent door.
  2835 | D:3      | Noticed Crazy Yiuf
  3041 | D:3      | Slain by Crazy Yiuf

Illustrated notes

Levels and vault maps discovered:
D:1:      dpeg_arrival_short_road, layout_loops_cross, serial_shops, shop_coins,
          hellmonk_ecumenical_altar_run_dry
D:2:      layout_loops_corners, kennysheep_generic_room_6
D:3:      layout_basic, marbit_many_paths, mainiacjoe_overflow_boulevard,
          hangedman_abyss_or_decor_stabs, minmay_crystal_water,
          grunt_ministairs_11, feat_on_display, uniq_crazy_yiuf_cottage

Skill      XL: |  1  2  3  4 |
---------------+-------------+-----
Maces & Flails | 3 |  3.4
Shields        | 4 |  4.1
Armour         | 4 |  4.0
Fighting       | |  3.8

Action                   |  1- 3 |  4- 6 || total
-------------------------+-------+-------++-------
Melee: Flail             |   109 |    84 ||   193
Throw: Dart              |       |     2 ||     2
  Use: Potion            |       |     3 ||     3
Armor: Scale mail        |    52 |    57 ||   109
Dodge: Dodged            |    50 |    30 ||    80
Block: Buckler           |    29 |    29 ||    58
